AoeStats
← Cheese Burgurs

Arabia

510102627Analyzed
1v1 RM · 3d ago on Sep 29, 2026· 22m 57s· 2 players
Game mode
Random Map
Map size
Tiny (2 player)
Population
200
Speed
Normal
Resources
Standard
Victory
Conquest
Starting age
Dark Age
Ending age
Imperial Age
RankedLock teamsTeams togetherTeam positionsShared explorationLock speedFull tech treeHidden civsTurbo modeCheats
Victory
Defeat
🇨🇴 Turks · Colombia
1316
+15
🇻🇳 Lithuanians · Vietnam
1300
-15
Cheese Burgurs
5:44 Loom
6:18 Loom
8:48 Feudal Age
9:32 Double-Bit Axe
11:59 Horse Collar
21:28 Fletching
23:46 Castle Age
22:18 Fletching
Escanor
6:44 Loom
9:08 Feudal Age
9:11 Man-at-Arms
17:14 Double-Bit Axe
17:48 Fletching
22:20 Castle Age
20:08 Horse Collar
21:04 Gold Mining
21:55 Padded Archer Armor
23:03 Bodkin Arrow
Connection lost

Rejoining the realm…

Still unreachable

The connection could not be restored.

Session expired

The server has moved on; the page needs a fresh start.